 Dungeon Crawl Stone Soup version 0.21-a0-265-gb353147 (console) character file.

1297 Mandevil the Poker (level 8, -11/78 HPs)
             Began as a Naga Monk on Sept 11, 2017.
             Was a Believer of Cheibriados.
             Mangled by Joseph
             ... wielding a cursed -2 quarterstaff
              (13 damage)
             ... on level 6 of the Dungeon.
             The game lasted 00:26:31 (8091 turns).

Mandevil the Poker (Naga Monk)                      Turns: 8091, Time: 00:26:32

Health: -11/78     AC:  5    Str: 22    XL:     8   Next: 56%
Magic:  10/10      EV: 10    Int: 15    God:    Cheibriados [**....]
Gold:   202        SH:  0    Dex: 18    Spells: 7/7 levels left

rFire    . . .     SeeInvis +   w - +0 spear (curse)
rCold    . . .     Gourm    +   (no shield)
rNeg     . . .     Faith    .   i - +0 leather armour
rPois    +         Spirit   .   (no helmet)
rElec    .         Reflect  .   v - +0 cloak
rCorr    .         Harm     .   (no gloves)
MR       +....                  (no barding)
Stlth    ++++......             b - amulet of the gourmand
HPRegen  0.23/turn              m - ring of stealth
MPRegen  0.12/turn              (no ring)

@: short of breath, very slow
A: see invisible, deformed body, poison resistance, slowness 2, slow metabolism
1, spit poison 1, AC +2
a: Spit Poison, Bend Time, Renounce Religion


You were on level 6 of the Dungeon.
You worshipped Cheibriados.
Cheibriados was pleased with you.
You were very full.

You visited 2 branches of the dungeon, and saw 8 of its levels.

You collected 202 gold pieces.

Inventory:

Hand Weapons
 a - a +2 spear
 w - a cursed +0 spear (weapon)
Missiles
 f - 92 sling bullets
 j - 52 arrows
 p - 22 poisoned needles
 s - 221 stones (quivered)
 t - 5 tomahawks
Armour
 i - a +0 leather armour (worn)
 v - a +0 cloak (worn)
Jewellery
 b - an amulet of the gourmand (around neck)
 m - a ring of stealth (left hand)
 x - an uncursed amulet of guardian spirit {unknown}
Wands
 y - a wand of polymorph (5/24)
Scrolls
 e - 2 scrolls of recharging
 g - a scroll of fog
 h - a scroll of teleportation
 k - 2 scrolls of fear
 n - a scroll of amnesia
 q - 2 scrolls of magic mapping
Potions
 d - 2 potions of haste
 o - 4 potions of curing
Comestibles
 c - 5 bread rations
 l - 3 fruits
 r - 2 meat rations
 u - 4 royal jellies


   Skills:
 + Level 6.8 Fighting
 + Level 7.5 Polearms
 - Level 2.4 Dodging
 - Level 5.2 Stealth
 + Level 3.1 Invocations


You had 7 spell levels left.
You didn't know any spells.

Dungeon Overview and Level Annotations

Branches:
Dungeon (7/15)             Temple (1/1) D:5

Altars:
Ashenzari
Cheibriados
Dithmenos
Elyvilon
Fedhas
Gozag
Hepliaklqana
Kikubaaqudgha
Makhleb
Nemelex Xobeh
Okawaru
Qazlal
Ru
Sif Muna
Uskayaw
Vehumet
Wu Jian
Xom
Yredelemnul
Zin
The Shining One

Annotations:
D:6 Duvessa, Grinder, Joseph


Innate Abilities, Weirdness & Mutations

You cannot wear boots.
Your serpentine skin is tough. (AC +2)
You have supernaturally acute eyesight. (SInv)
Armour fits poorly on your strangely shaped body.
Your system is resistant to poisons. (rPois)
You cover ground very slowly.
You have a slow metabolism.
You can spit poison.


Message History

Joseph is moderately wounded.
Joseph shouts, "At last, some action!"
Joseph hits you with a quarterstaff!
* * * LOW HITPOINT WARNING * * *
You hit Joseph.
Joseph is moderately wounded.
Joseph hits you with a quarterstaff!
* * * LOW HITPOINT WARNING * * *
You closely miss Joseph.
Joseph is moderately wounded.
You have got your breath back.
Joseph says, "I've waited for this moment for such a long time."
Joseph barely misses you.
Press: ? - help, Shift-Dir - straight line, f/p - Joseph
Aim: Joseph, wielding a quarterstaff and wearing a leather armour (moderately wounded, fast)
The splash of poison misses Joseph.
You feel slightly less full. Joseph hits you with a quarterstaff!
* * * LOW HITPOINT WARNING * * *
Joseph hits you with a quarterstaff!
You die...

......## ##########...#.## #
.......# #..............# #
.......# #............###
.......# #............#
.......# ##..........#.#
.......# #...........#.#
......## ##...........#.#
.....#####.....@."...##.#
###.............N.......#####
##
##.#####.##..##.###.......####.
#.# ##.#..##..# ##..........<
#.####..#.#...## ###.#####...
## #.......#...### #...#...##
.....##.......###### ###...###
####..#............# #..## ##
##.#...######..0# #..#...#
.....# .000# #..#...#


You could see Joseph.

Vanquished Creatures
  An ogre (D:4)
  2 centaurs (D:5)
  2 bullfrogs
  2 scorpions
  5 killer bees (D:5)
  2 howler monkeys
  A hound (D:3)
  5 orc priests
  3 orc wizards (D:4)
  Crazy Yiuf (D:4)
  2 worker ants
  9 adders
  A howler monkey skeleton (D:4)
  A shadow imp (D:5)
  An ooze (D:3)
  An adder skeleton (D:4)
  3 worms (D:3)
  3 dart slugs
  3 leopard geckos
  15 orcs
  2 ball pythons
  9 bats
  3 giant cockroaches
  8 goblins
  5 hobgoblins
  11 jackals
  5 kobolds
  4 quokkas
  2 frilled lizards
  A jackal skeleton (D:4)
  10 rats
123 creatures vanquished.

Notes
Turn   | Place    | Note
-------+----------+-------------------------------------------
     0 | D:1      | Mandevil the Naga Monk began the quest for the Orb.
     0 | D:1      | Reached XP level 1. HP: 21/21 MP: 1/1
   387 | D:1      | Reached XP level 2. HP: 28/28 MP: 2/2
  1228 | D:1      | Reached XP level 3. HP: 26/34 MP: 3/3
  1405 | D:2      | Reached skill level 4 in Polearms
  1706 | D:2      | Reached XP level 4. HP: 42/42 MP: 4/4
  1966 | D:2      | Found an iron altar of Okawaru.
  1981 | D:2      | Reached skill level 5 in Stealth
  3222 | D:3      | Reached XP level 5. HP: 49/49 MP: 5/5
  3782 | D:4      | Noticed an ogre
  3795 | D:4      | Killed an ogre
  3795 | D:4      | Reached skill level 5 in Polearms
  3795 | D:4      | Reached XP level 6. HP: 57/57 MP: 6/6
  4295 | D:4      | Reached XP level 7. HP: 66/66 MP: 7/7
  4320 | D:4      | Reached skill level 5 in Fighting
  4700 | D:4      | Reached skill level 6 in Polearms
  5529 | D:4      | Found a runed door.
  5533 | D:4      | Noticed Crazy Yiuf
  5538 | D:4      | Killed Crazy Yiuf
  5980 | D:5      | Entered Level 5 of the Dungeon
  6245 | D:5      | Found a staircase to the Ecumenical Temple.
  6256 | Temple   | Entered the Ecumenical Temple
  6470 | Temple   | Became a worshipper of Cheibriados the Contemplative
  6470 | Temple   | Reached * piety under Cheibriados
  6470 | Temple   | Reached ** piety under Cheibriados
  6570 | D:5      | Reached skill level 1 in Invocations
  6570 | D:5      | Reached XP level 8. HP: 62/76 MP: 8/8
  6657 | D:5      | Reached skill level 7 in Polearms
  6858 | D:5      | Found a blossoming altar of Fedhas.
  7374 | D:5      | Found an opulent altar of Gozag.
  7380 | D:5      | Found a shimmering altar of Xom.
  7385 | D:5      | Found a hazy altar of Hepliaklqana.
  7633 | D:6      | Noticed Grinder
  7657 | D:6      | Found a shadowy altar of Dithmenos.
  7791 | D:6      | Noticed Duvessa
  8077 | D:7      | Noticed Joseph
  8091 | D:6      | HP: 2/78 [Joseph/quarterstaff (8)]
  8091 | D:6      | Mangled by Joseph

Vault maps used:
D:1:      minmay_arrival_up_and_down, minmay_misc_feat_iff, minmay_tetromino_l4
D:2:      okawaru_trees_1, minmay_tree_intersection
D:3:      minmay_crystal_water
D:4:      first_bread, uniq_crazy_yiuf_cottage
D:5:      nicolae_overflow_crystal_walls, minitemple, minmay_temple_entry_glass,
          minmay_misc_feat_columns, minmay_crystal_room
D:6:      nicolae_dithmenos_the_darkroom, uniq_grinder, uniq_duvessa
D:7:      kennysheep_seaside_town, serial_shops, kennysheep_little_box,
          doesnt_xom_only_xom, uniq_joseph
Temple:   regret_index_temple_generic_petals

Skill      XL: |  1  2  3  4  5  6  7  8 |
---------------+-------------------------+-----
Stealth        | 4 5 |  5.2
Polearms       | 4 5 6 7 |  7.5
Fighting       | 4 6 |  6.8
Invocations    | 1 3 |  3.1
Dodging        | |  2.4

Action                   |  1- 3 |  4- 6 |  7- 9 || total
-------------------------+-------+-------+-------++-------
Melee: Spear             |   100 |   205 |   215 ||   520
Throw: Stone             |       |    23 |    15 ||    38
       Tomahawk          |       |       |     3 ||     3
 Abil: Spit Poison       |     8 |    20 |    35 ||    63
  Use: Scroll            |     7 |     4 |     4 ||    15
       Potion            |     1 |     1 |     4 ||     6
 Stab: Sleeping          |    11 |     5 |     1 ||    17
  Eat: Chunk             |     2 |    20 |    10 ||    32
Armor: Robe              |     2 |       |       ||     2
       Leather armour    |     9 |    22 |    35 ||    66
Dodge: Dodged            |    42 |    69 |    87 ||   198

Table legend:
 A = Spawn XP
 B = Non-spawn XP
 C = Spawn XP percentage of total XP
 D = Spawn monster count
 E = Non-spawn monster count
 F = Spawn count percentage of total count
 G = Total turns spent on level
                    A         B        C        D         E        F      G
               +---------+---------+-------+---------+---------+-------+---------
         Total |       0 |    1854 |   0.0 |       0 |     123 |   0.0 |  8091
               +---------+---------+-------+---------+---------+-------+---------
           D:1 |       0 |      35 |   0.0 |       0 |      20 |   0.0 |  1313
           D:2 |       0 |      69 |   0.0 |       0 |      18 |   0.0 |  1016
           D:3 |       0 |     164 |   0.0 |       0 |      35 |   0.0 |  1664
           D:4 |       0 |     727 |   0.0 |       0 |      30 |   0.0 |  2135
           D:5 |       0 |     774 |   0.0 |       0 |      15 |   0.0 |  1206
           D:6 |       0 |      85 |   0.0 |       0 |       5 |   0.0 |   500
               +---------+---------+-------+---------+---------+-------+---------
